Wolfpack vs Senators
Created - February 16, 2022 at 23:18
Goals
|
Wolfpack |
2 |
1 |
1 |
0 |
1 |
4 |
Senators |
1 |
3 |
0 |
0 |
2 |
5 |
|
Shots
|
Wolfpack |
16 |
10 |
10 |
0 |
4 |
36 |
Senators |
11 |
8 |
4 |
0 |
4 |
23 |
|
1st period
1. Wolfpack , David Pope 17 (Stefan Noesen 37, Maxime Sauvé 32) at 8:12 (PP)
2. Senators , Zemgus Girgensons 21 (Christoph Bertschy 22) at 10:04
3. Wolfpack , Kevin Roy 1 (Henrik Samuelsson 28) at 12:13
Penalties :
Henrik Samuelsson (Har) for Tripping (Minor) at 0:36, Christoph Bertschy (Bel) for Roughing (Minor) at 7:55, Tomas Jurco (Bel) for Hooking (Minor) at 15:48, Gustav Forsling (Bel) for Cross-checking (Minor) at 19:15
2nd period
4. Senators , Tomas Jurco 14 (Vitaly Abramov 1, Scott Harrington 6) at 6:01
5. Senators , Tomas Jurco 15 (Jordan Schroeder 21) at 6:57
6. Wolfpack , Seth Griffith 13 (Dryden Hunt 1, Vince Dunn 12) at 14:17
7. Senators , Christoph Bertschy 14 (Zachary Sanford 17) at 18:59 (PP)
Penalties :
Christoph Bertschy (Bel) for Boarding (Minor) at 12:02, Alexander Barabanov (Har) for Hooking (Minor) at 18:49
3rd period
8. Wolfpack , Maxime Sauvé 21 (Stefan Noesen 38, David Pope 10) at 19:43
Penalties :
Stefan Noesen (Har) for Tripping (Minor) at 4:09, William Bitten (Bel) for Cross-checking (Minor) at 14:20
Overtime #1
No Goal
Penalties :
Zachary Sanford (Bel) for Hooking (Minor) at 0:15
Shootout
Wolfpack, Maxime Sauvé - Stopped by Scott Wedgewood
Senators, William Bitten - Shot Misses the Net
Wolfpack, Stefan Noesen - Shot Misses the Net
Senators, Oliver Bjorkstrand - Stopped by Samuel Montembeault
Wolfpack, Henrik Samuelsson - Goal!
Senators, Zachary Sanford - Goal!
Wolfpack, David Pope - Shot Misses the Net
Senators, Zemgus Girgensons - Goal!
Penalties :
No Penalty
Goalie Stats
Samuel Montembeault (Har), 19 saves from 23 shots - (0.826), OTL, 12-6-1, 64:13 minutes
Scott Wedgewood (Bel), 32 saves from 36 shots - (0.889), W, 1-4-1, 65:00 minutes
Players Stats for Wolfpack
Player Name G A P +/- PIM S H SB GA TA FO MP PP MP PK MP
------------------------------------------------------------------------------------
Alex Barre-Boulet 0 0 0 -1 0 0 2 0 0 0 0/0 10:49 0:00 0:00
Alexander Barabanov 0 0 0 1 2 0 0 0 0 0 0/0 8:28 0:00 0:00
Colton White 0 0 0 1 0 0 2 0 0 1 0/0 12:13 0:00 0:00
Connor Chatam 0 0 0 1 0 0 2 0 0 0 0/0 8:29 0:00 0:00
David Pope 1 1 2 1 0 7 3 1 2 0 0/0 24:17 4:19 2:01
Derrick Pouliot 0 0 0 0 0 0 2 2 1 1 0/0 23:39 2:56 2:14
Dryden Hunt 0 1 1 -1 0 3 1 0 0 0 0/0 12:13 0:00 0:40
Henrik Samuelsson 0 1 1 -1 2 1 1 0 0 0 4/10 18:10 3:54 0:28
Kevin Roy 1 0 1 1 0 4 1 0 0 0 0/0 8:53 0:00 0:19
Maxime Sauvé 1 1 2 1 0 6 3 1 0 2 28/44 24:08 4:19 2:15
Mikhail Sergachev 0 0 0 -1 0 1 2 0 0 1 0/0 29:08 5:17 1:54
Ryan Culkin 0 0 0 1 0 1 1 0 0 1 0/0 12:13 0:00 0:00
Samuel Blais 0 0 0 -1 0 1 6 0 0 0 0/1 18:47 3:46 1:19
Sebastian Collberg 0 0 0 -1 0 5 2 0 0 1 0/0 17:34 3:54 0:00
Seth Griffith 1 0 1 -1 0 2 3 1 2 0 3/5 13:47 0:08 1:14
Stefan Noesen 0 2 2 1 2 2 5 0 0 0 0/0 20:14 4:19 0:00
Steven Santini 0 0 0 0 0 1 1 2 1 0 0/0 23:39 2:56 2:14
Vince Dunn 0 1 1 -1 0 2 2 0 1 0 0/0 29:08 5:17 1:54
Players Stats for Senators
Player Name G A P +/- PIM S H SB GA TA FO MP PP MP PK MP
------------------------------------------------------------------------------------
Adam Ollas-Mattsson 0 0 0 0 0 0 0 0 0 0 0/0 1:32 0:00 0:00
Anthony Bitetto 0 0 0 0 0 2 3 3 1 1 0/0 29:10 2:23 5:51
Anthony Richard 0 0 0 -1 0 0 0 0 0 0 1/5 8:47 0:52 3:54
Chandler Stephenson 0 0 0 0 0 2 0 0 0 0 1/3 5:49 0:12 0:42
Christoph Bertschy 1 1 2 -1 4 1 0 1 2 1 12/30 23:32 2:09 4:28
Dmitry Sinitsyn 0 0 0 0 0 0 2 2 1 2 0/0 26:48 2:23 5:51
Dylan Blujus 0 0 0 0 0 1 0 1 0 0 0/0 22:21 1:45 4:21
Gustav Forsling 0 0 0 0 2 0 0 0 0 0 0/0 3:31 0:00 0:00
Joonas Lyytinen 0 0 0 0 0 0 0 2 0 0 0/0 13:16 0:00 0:00
Jordan Schroeder 0 1 1 2 0 3 0 0 0 0 7/10 14:12 0:55 1:08
Keegan Lowe 0 0 0 0 0 1 3 2 0 0 0/0 22:21 1:45 4:21
Kevin Rooney 0 0 0 -1 0 0 2 1 0 1 3/8 13:55 0:00 0:00
Oliver Bjorkstrand 0 0 0 1 0 3 2 0 0 0 0/0 19:07 1:51 0:00
Scott Harrington 0 1 1 0 0 0 0 1 0 0 0/0 12:31 0:00 0:00
Tomas Jurco 2 0 2 2 2 4 2 0 0 0 0/0 16:24 0:13 0:00
Vitaly Abramov 0 1 1 2 0 0 0 0 0 0 1/1 18:48 0:00 0:13
William Bitten 0 0 0 -2 2 0 0 1 0 0 0/0 14:10 2:04 0:00
Zachary Sanford 0 1 1 -1 2 2 2 0 3 1 0/2 21:06 2:17 4:51
Zemgus Girgensons 1 0 1 -1 0 4 1 0 0 1 0/1 22:22 1:51 3:09
3 Stars
1 - Tomas Jurco (Bel)
2 - David Pope (Har)
3 - Maxime Sauvé (Har)
Power Play
Wolfpack - 1 on 6 Attempt(s) - 16.67%
Senators - 1 on 3 Attempt(s) - 33.33%
Penalty Kill
Wolfpack - 2 on 3 Attempt(s) - 66.67%
- Score 0 goal in Penalty Kill
Senators - 5 on 6 Attempt(s) - 83.33%
- Score 0 goal in Penalty Kill
Team Stat
Wolfpack - Hits : 39 - Faceoff Wins : 35 - Blocked Shots : 7 - Penalty Minutes : 6
Senators - Hits : 17 - Faceoff Wins : 25 - Blocked Shots : 14 - Penalty Minutes : 12
Official
Referees : Peter MacDougall and Dan O'Rourke
Linesman : Tyson Baker and Ryan Daisy
Game Notes
Jordan Schroeder is injured at 3:53 of 3rd period (Bruised Right Leg)
Finance
Level 1 -- Attendance: 1942 (97.10%) -- Ticket Income $67,970
Level 2 -- Attendance: 894 (89.40%) -- Ticket Income $13,410
Total Attendance: 2836 (94.53%)
Total Ticket Income: $81,380
Other Income: $4,069
Total Income: $85,449
Wolfpack
5 vs 5 Forward
Center Left Wing Right Wing Time % Phy DF OF
1 Maxime Sauvé David Pope Stefan Noesen 40 1 2 2
2 Henrik Samuelsson Samuel Blais Sebastian Collberg 30 1 2 2
3 Seth Griffith Dryden Hunt Alex Barre-Boulet 20 1 2 2
4 Kevin Roy Alexander Barabanov Connor Chatam 10 1 2 2
5 vs 5 Defense
Defense Defense Time % Phy DF OF
1 Vince Dunn Mikhail Sergachev 40 1 2 2
2 Derrick Pouliot Steven Santini 30 1 2 2
3 Ryan Culkin Colton White 20 1 2 2
4 Vince Dunn Mikhail Sergachev 10 1 2 2
PowerPlay Forward
Center Left Wing Right Wing Time % Phy DF OF
1 Maxime Sauvé David Pope Stefan Noesen 60 1 2 2
2 Henrik Samuelsson Samuel Blais Sebastian Collberg 40 1 2 2
PowerPlay Defense
Defense Defense Time % Phy DF OF
1 Vince Dunn Mikhail Sergachev 60 1 2 2
2 Derrick Pouliot Steven Santini 40 1 2 2
Penalty Kill 4 Players Forward
Center Wing Time % Phy DF OF
1 Maxime Sauvé David Pope 60 1 2 2
2 Henrik Samuelsson Samuel Blais 40 1 2 2
Penalty Kill 4 Players Defense
Defense Defense Time % Phy DF OF
1 Derrick Pouliot Steven Santini 60 1 2 2
2 Vince Dunn Mikhail Sergachev 40 1 2 2
Penalty Kill - 3 Players Forward
Forward Time % Phy DF OF
1 Maxime Sauvé 60 1 2 2
2 Henrik Samuelsson 40 1 2 2
Penalty Kill - 3 Players Defense
Defense Defense Time % Phy DF OF
1 Derrick Pouliot Steven Santini 60 1 2 2
2 Vince Dunn Mikhail Sergachev 40 1 2 2
4 vs 4 Forward
Center Wing Time % Phy DF OF
1 Maxime Sauvé David Pope 60 1 2 2
2 Henrik Samuelsson Samuel Blais 40 1 2 2
4 vs 4 Defense
Defense Defense Time % Phy DF OF
1 Derrick Pouliot Steven Santini 60 1 2 2
2 Vince Dunn Mikhail Sergachev 40 1 2 2
Last Minutes Offensive
Center Left Wing Right Wing Defense Defense
Maxime Sauvé David Pope Stefan Noesen Derrick Pouliot Steven Santini
Last Minutes Defensive
Center Left Wing Right Wing Defense Defense
Maxime Sauvé David Pope Stefan Noesen Derrick Pouliot Steven Santini
Goaltenders
Starting : Samuel Montembeault
Backup : Mike Condon
Extra Forwards
Normal : Seth Griffith, Sebastian Collberg, Samuel Blais - PP : Seth Griffith, Sebastian Collberg - PK : Seth Griffith
Extra Defensemen
Normal : Mikhail Sergachev, Ryan Culkin, Colton White - PP : Mikhail Sergachev - PK : Mikhail Sergachev, Ryan Culkin
Penalty Shots
Maxime Sauvé, Stefan Noesen, Henrik Samuelsson, David Pope, Seth Griffith
Scratches
Adam Lowry (Healthy), Dave Dziurzynski (Groin Injury), Jacob Middleton (Healthy), Jake Marchment (Healthy), Joel Kiviranta (Healthy)
Joshua Jacobs (Healthy), Keegan Kolesar (Healthy), Mikhail Vorobyev (Healthy), Ryan Dzingel (Broken Bone (Left Arm) Injury), Will Borgen (Healthy)
Andrew Peeke (Healthy), Dante Fabbro (Healthy), Jeffrey Viel (Healthy), Yegor Korshkov (Healthy), Jake Paterson (Healthy)
Senators
5 vs 5 Forward
Center Left Wing Right Wing Time % Phy DF OF
1 Christoph Bertschy Zemgus Girgensons Oliver Bjorkstrand 40 0 1 4
2 Jordan Schroeder Vitaly Abramov Tomas Jurco 30 0 1 4
3 Kevin Rooney Zachary Sanford William Bitten 20 0 1 4
4 Chandler Stephenson Vitaly Abramov Oliver Bjorkstrand 10 0 2 3
5 vs 5 Defense
Defense Defense Time % Phy DF OF
1 Anthony Bitetto Dmitry Sinitsyn 40 1 2 2
2 Keegan Lowe Dylan Blujus 30 1 2 2
3 Scott Harrington Joonas Lyytinen 20 1 2 2
4 Anthony Bitetto Gustav Forsling 10 1 3 1
PowerPlay Forward
Center Left Wing Right Wing Time % Phy DF OF
1 Christoph Bertschy Zachary Sanford William Bitten 60 0 1 4
2 Jordan Schroeder Zemgus Girgensons Oliver Bjorkstrand 40 0 1 4
PowerPlay Defense
Defense Defense Time % Phy DF OF
1 Anthony Bitetto Dmitry Sinitsyn 60 0 1 4
2 Keegan Lowe Dylan Blujus 40 0 1 4
Penalty Kill 4 Players Forward
Center Wing Time % Phy DF OF
1 Christoph Bertschy Zachary Sanford 60 1 4 0
2 Jordan Schroeder Zemgus Girgensons 40 1 4 0
Penalty Kill 4 Players Defense
Defense Defense Time % Phy DF OF
1 Anthony Bitetto Dmitry Sinitsyn 60 1 4 0
2 Keegan Lowe Dylan Blujus 40 1 4 0
Penalty Kill - 3 Players Forward
Forward Time % Phy DF OF
1 Christoph Bertschy 60 1 4 0
2 Jordan Schroeder 40 1 4 0
Penalty Kill - 3 Players Defense
Defense Defense Time % Phy DF OF
1 Anthony Bitetto Dmitry Sinitsyn 60 1 4 0
2 Keegan Lowe Dylan Blujus 40 1 4 0
4 vs 4 Forward
Center Wing Time % Phy DF OF
1 Christoph Bertschy Zachary Sanford 60 0 1 4
2 Jordan Schroeder Zemgus Girgensons 40 0 1 4
4 vs 4 Defense
Defense Defense Time % Phy DF OF
1 Anthony Bitetto Dmitry Sinitsyn 60 0 2 3
2 Keegan Lowe Dylan Blujus 40 0 2 3
Last Minutes Offensive
Center Left Wing Right Wing Defense Defense
Christoph Bertschy Zachary Sanford Tomas Jurco Anthony Bitetto Dmitry Sinitsyn
Last Minutes Defensive
Center Left Wing Right Wing Defense Defense
Jordan Schroeder Zemgus Girgensons William Bitten Anthony Bitetto Dmitry Sinitsyn
Goaltenders
Starting : Scott Wedgewood
Backup : Sami Aittokallio
Extra Forwards
Normal : Christoph Bertschy, Jordan Schroeder, Kevin Rooney - PP : Christoph Bertschy, Jordan Schroeder - PK : Christoph Bertschy
Extra Defensemen
Normal : Joonas Lyytinen, Adam Ollas-Mattsson, Gustav Forsling - PP : Joonas Lyytinen - PK : Joonas Lyytinen, Adam Ollas-Mattsson
Penalty Shots
William Bitten, Oliver Bjorkstrand, Zachary Sanford, Zemgus Girgensons, Christoph Bertschy
Scratches
Grant Besse (Healthy), Jack Dougherty (Healthy), Jake Evans (Healthy), Jonas Siegenthaler (Healthy), Mason Geertsen (Healthy)
Arttu Ruotsalainen (Healthy), Cliff Pu (Healthy), Keven Bouchard (Healthy)
% Time on Ice - Wolfpack
Lines # - Real PCT - Wanted PCT - Time Play
Normal Forward
1 - 33% - 40% - 15:16
2 - 26% - 30% - 12:09
3 - 23% - 20% - 10:49
4 - 18% - 10% - 8:29
Normal Defense
1 - 39% - 40% - 18:19
2 - 33% - 30% - 15:33
3 - 25% - 20% - 11:29
4 - 3% - 10% - 1:22
PP Forward
1 - 53% - 60% - 4:19
2 - 47% - 40% - 3:54
PP Defense
1 - 64% - 60% - 5:17
2 - 36% - 40% - 2:56
PK Forward
1 - 68% - 60% - 2:49
2 - 32% - 40% - 1:19
PK Defense
1 - 54% - 60% - 2:14
2 - 46% - 40% - 1:54
PK3 Forward
1 - 0% - 60%
2 - 0% - 40%
PK3 Defense
1 - 0% - 60%
2 - 0% - 40%
44 Forward
1 - 82% - 60% - 4:05
2 - 18% - 40% - 0:55
44 Defense
1 - 59% - 60% - 2:57
2 - 41% - 40% - 2:03
Last Minute Offensive - 0:56
Last Minute Defensive - 0:00
Total
Forward - 65:00
Defense - 65:00
|
% Time on Ice - Senators
Lines # - Real PCT - Wanted PCT - Time Play
Normal Forward
1 - 31% - 40% - 14:41
2 - 38% - 30% - 17:38
3 - 21% - 20% - 9:52
4 - 10% - 10% - 4:29
Normal Defense
1 - 37% - 40% - 17:06
2 - 33% - 30% - 15:27
3 - 25% - 20% - 11:32
4 - 6% - 10% - 2:35
PP Forward
1 - 52% - 60% - 2:09
2 - 48% - 40% - 1:59
PP Defense
1 - 58% - 60% - 2:23
2 - 42% - 40% - 1:45
PK Forward
1 - 78% - 60% - 6:25
2 - 22% - 40% - 1:48
PK Defense
1 - 58% - 60% - 4:45
2 - 42% - 40% - 3:28
PK3 Forward
1 - 68% - 60% - 1:21
2 - 32% - 40% - 0:38
PK3 Defense
1 - 55% - 60% - 1:06
2 - 45% - 40% - 0:53
44 Forward
1 - 92% - 60% - 2:46
2 - 8% - 40% - 0:15
44 Defense
1 - 73% - 60% - 2:13
2 - 27% - 40% - 0:48
Last Minute Offensive - 0:00
Last Minute Defensive - 0:59
Total
Forward - 65:00
Defense - 65:00
|
Play-by-Play
1st period
0:01 of 1st period - Maxime Sauvé wins face-off versus Christoph Bertschy in neutral zone.
0:11 of 1st period - Snap shot by Oliver Bjorkstrand.
0:11 of 1st period - Stopped by Samuel Montembeault without a rebound.
0:12 of 1st period - Jordan Schroeder wins face-off versus Henrik Samuelsson in Wolfpack zone.
0:21 of 1st period - Snap shot by Jordan Schroeder.
0:21 of 1st period - Stopped by Samuel Montembeault without a rebound.
0:22 of 1st period - Jordan Schroeder wins face-off versus Henrik Samuelsson in Wolfpack zone.
0:36 of 1st period - Minor Penalty to Henrik Samuelsson for Tripping.
0:37 of 1st period - Maxime Sauvé wins face-off versus Christoph Bertschy in Wolfpack zone.
0:50 of 1st period - Backhand shot by Anthony Bitetto.
0:50 of 1st period - Shot Blocked by Steven Santini.
0:52 of 1st period - Slapshot by Anthony Bitetto.
0:52 of 1st period - Shot Blocked by Derrick Pouliot.
1:10 of 1st period - Snap shot by Oliver Bjorkstrand.
1:10 of 1st period - Shot Misses the Net.
1:12 of 1st period - Slapshot by Dmitry Sinitsyn.
1:12 of 1st period - Shot Blocked by Derrick Pouliot.
2:36 of 1st period - Penalty to Henrik Samuelsson is over, Henrik Samuelsson is back on ice.
2:46 of 1st period - Anthony Bitetto is hit by Seth Griffith and loses puck.
2:53 of 1st period - Colton White is hit by Anthony Bitetto and loses puck.
4:31 of 1st period - Snap shot by Kevin Roy.
4:31 of 1st period - Stopped by Scott Wedgewood without a rebound.
4:32 of 1st period - Christoph Bertschy wins face-off versus Maxime Sauvé in Senators zone.
4:36 of 1st period - Off-side.
4:37 of 1st period - Maxime Sauvé wins face-off versus Zemgus Girgensons in neutral zone.
4:42 of 1st period - Slapshot by Tomas Jurco.
4:42 of 1st period - Shot Misses the Net.
4:44 of 1st period - Slapshot by Dylan Blujus.
4:44 of 1st period - Stopped by Samuel Montembeault without a rebound.
4:45 of 1st period - Maxime Sauvé wins face-off versus Christoph Bertschy in Wolfpack zone.
4:45 of 1st period - Maxime Sauvé is hit by Oliver Bjorkstrand.
4:53 of 1st period - Slapshot by David Pope.
4:53 of 1st period - Stopped by Scott Wedgewood without a rebound.
4:54 of 1st period - Maxime Sauvé wins face-off versus Christoph Bertschy in Senators zone.
4:57 of 1st period - Snap shot by Maxime Sauvé.
4:57 of 1st period - Deflect By David Pope.
4:57 of 1st period - Stopped by Scott Wedgewood with a rebound.
4:59 of 1st period - Wrist shot by Vince Dunn.
4:59 of 1st period - Deflect By David Pope.
4:59 of 1st period - Shot Blocked by Anthony Bitetto.
4:59 of 1st period - Puck is out of play.
5:00 of 1st period - Maxime Sauvé wins face-off versus Christoph Bertschy in Senators zone.
5:09 of 1st period - Wrist shot by Stefan Noesen.
5:09 of 1st period - Shot Blocked by Dmitry Sinitsyn.
5:30 of 1st period - Slapshot by Henrik Samuelsson.
5:30 of 1st period - Shot Misses the Net.
5:32 of 1st period - Snap shot by Sebastian Collberg.
5:32 of 1st period - Stopped by Scott Wedgewood with a rebound.
5:34 of 1st period - Slapshot by Vince Dunn.
5:34 of 1st period - Shot Blocked by Joonas Lyytinen.
5:36 of 1st period - Snap shot by Henrik Samuelsson.
5:36 of 1st period - Shot Blocked by Kevin Rooney.
6:44 of 1st period - Snap shot by Kevin Roy.
6:44 of 1st period - Stopped by Scott Wedgewood with a rebound.
7:22 of 1st period - Off-side.
7:23 of 1st period - Jordan Schroeder wins face-off versus Maxime Sauvé in neutral zone.
7:26 of 1st period - David Pope is hit by Keegan Lowe and loses puck.
7:35 of 1st period - Slapshot by Tomas Jurco.
7:35 of 1st period - Stopped by Samuel Montembeault without a rebound.
7:36 of 1st period - Maxime Sauvé wins face-off versus Kevin Rooney in Wolfpack zone.
7:43 of 1st period - Keegan Lowe is hit by Stefan Noesen and loses puck.
7:48 of 1st period - Snap shot by David Pope.
7:48 of 1st period - Stopped by Scott Wedgewood with a rebound.
7:50 of 1st period - Snap shot by Maxime Sauvé.
7:50 of 1st period - Stopped by Scott Wedgewood with a rebound.
7:52 of 1st period - Snap shot by Maxime Sauvé.
7:52 of 1st period - Stopped by Scott Wedgewood without a rebound.
7:53 of 1st period - Christoph Bertschy wins face-off versus Henrik Samuelsson in Senators zone.
7:55 of 1st period - Minor Penalty to Christoph Bertschy for Roughing.
7:56 of 1st period - Maxime Sauvé wins face-off versus Zachary Sanford in Senators zone.
7:56 of 1st period - Slapshot by David Pope.
7:56 of 1st period - Shot Blocked by Anthony Bitetto.
7:58 of 1st period - Slapshot by Stefan Noesen.
7:58 of 1st period - Shot Misses the Net.
8:00 of 1st period - Wrist shot by David Pope.
8:00 of 1st period - Stopped by Scott Wedgewood without a rebound.
8:01 of 1st period - Maxime Sauvé wins face-off versus Anthony Richard in Senators zone.
8:12 of 1st period - Wrist shot by David Pope.
8:12 of 1st period - Goal by David Pope - Wolfpack : 1 - Senators : 0.
8:13 of 1st period - Maxime Sauvé wins face-off versus Christoph Bertschy in neutral zone.
8:24 of 1st period - Snap shot by Stefan Noesen.
8:24 of 1st period - Shot Misses the Net.
8:26 of 1st period - Snap shot by Stefan Noesen.
8:26 of 1st period - Stopped by Scott Wedgewood with a rebound.
8:28 of 1st period - Snap shot by Maxime Sauvé.
8:28 of 1st period - Shot Misses the Net.
8:47 of 1st period - Snap shot by Samuel Blais.
8:47 of 1st period - Stopped by Scott Wedgewood with a rebound.
9:11 of 1st period - Zachary Sanford is hit by Seth Griffith and loses puck.
9:28 of 1st period - Wrist shot by Christoph Bertschy.
9:28 of 1st period - Shot Misses the Net.
9:30 of 1st period - Slapshot by Keegan Lowe.
9:30 of 1st period - Deflect By Maxime Sauvé.
9:30 of 1st period - Stopped by Samuel Montembeault without a rebound.
9:31 of 1st period - Maxime Sauvé wins face-off versus Jordan Schroeder in Wolfpack zone.
9:43 of 1st period - Vitaly Abramov is hit by Vince Dunn.
10:04 of 1st period - Wrist shot by Zemgus Girgensons.
10:04 of 1st period - Goal by Zemgus Girgensons - Wolfpack : 1 - Senators : 1.
10:05 of 1st period - Maxime Sauvé wins face-off versus Christoph Bertschy in neutral zone.
10:10 of 1st period - Oliver Bjorkstrand is hit by Stefan Noesen and loses puck.
10:36 of 1st period - Slapshot by Tomas Jurco.
10:36 of 1st period - Stopped by Samuel Montembeault with a rebound.
10:44 of 1st period - Jordan Schroeder is hit by Samuel Blais and loses puck.
10:57 of 1st period - Ryan Culkin is hit by Keegan Lowe.
12:13 of 1st period - Snap shot by Kevin Roy.
12:13 of 1st period - Goal by Kevin Roy - Wolfpack : 2 - Senators : 1.
12:14 of 1st period - Maxime Sauvé wins face-off versus Christoph Bertschy in neutral zone.
12:40 of 1st period - Henrik Samuelsson is hit by Dmitry Sinitsyn and loses puck.
13:15 of 1st period - Dryden Hunt is hit by Kevin Rooney and loses puck.
13:26 of 1st period - Slapshot by Chandler Stephenson.
13:26 of 1st period - Stopped by Samuel Montembeault with a rebound.
13:28 of 1st period - Snap shot by Anthony Bitetto.
13:28 of 1st period - Stopped by Samuel Montembeault without a rebound.
13:29 of 1st period - Maxime Sauvé wins face-off versus Chandler Stephenson in Wolfpack zone.
13:29 of 1st period - Maxime Sauvé is hit by Anthony Bitetto.
14:03 of 1st period - Snap shot by Chandler Stephenson.
14:03 of 1st period - Stopped by Samuel Montembeault without a rebound.
14:04 of 1st period - Kevin Rooney wins face-off versus Henrik Samuelsson in Wolfpack zone.
14:29 of 1st period - Oliver Bjorkstrand is hit by Vince Dunn and loses puck.
14:42 of 1st period - Wrist shot by Seth Griffith.
14:42 of 1st period - Stopped by Scott Wedgewood without a rebound.
14:43 of 1st period - Jordan Schroeder wins face-off versus Maxime Sauvé in Senators zone.
15:42 of 1st period - Slapshot by Vince Dunn.
15:42 of 1st period - Stopped by Scott Wedgewood with a rebound.
15:48 of 1st period - Minor Penalty to Tomas Jurco for Hooking.
15:49 of 1st period - Maxime Sauvé wins face-off versus Christoph Bertschy in Senators zone.
16:43 of 1st period - Zemgus Girgensons is hit by David Pope and loses puck.
17:48 of 1st period - Penalty to Tomas Jurco is over, Tomas Jurco is back on ice.
17:52 of 1st period - Snap shot by Jordan Schroeder.
17:52 of 1st period - Stopped by Samuel Montembeault with a rebound.
18:04 of 1st period - Snap shot by Kevin Roy.
18:04 of 1st period - Stopped by Scott Wedgewood without a rebound.
18:05 of 1st period - Vitaly Abramov wins face-off versus Seth Griffith in Senators zone.
18:30 of 1st period - Scott Harrington is hit by Colton White and loses puck.
18:58 of 1st period - Tomas Jurco is hit by Maxime Sauvé and loses puck.
19:15 of 1st period - Minor Penalty to Gustav Forsling for Cross-checking.
19:16 of 1st period - Christoph Bertschy wins face-off versus Maxime Sauvé in Senators zone.
Goals for this period are 2 for Wolfpack vs 1 for Senators.
Shots for this period are 16 for Wolfpack vs 11 for Senators.
2nd period
0:01 of 2nd period - Maxime Sauvé wins face-off versus Christoph Bertschy in neutral zone.
0:49 of 2nd period - Dylan Blujus is hit by Samuel Blais and loses puck.
1:15 of 2nd period - Penalty to Gustav Forsling is over, Gustav Forsling is back on ice.
2:06 of 2nd period - Snap shot by Christoph Bertschy.
2:06 of 2nd period - Shot Misses the Net.
2:11 of 2nd period - Off-side.
2:12 of 2nd period - Seth Griffith wins face-off versus Jordan Schroeder in neutral zone.
2:37 of 2nd period - Vitaly Abramov is hit by Stefan Noesen and loses puck.
3:52 of 2nd period - Icing by Vince Dunn.
3:53 of 2nd period - Chandler Stephenson wins face-off versus Seth Griffith in Wolfpack zone.
3:54 of 2nd period - Wrist shot by Oliver Bjorkstrand.
3:54 of 2nd period - Stopped by Samuel Montembeault without a rebound.
3:55 of 2nd period - Kevin Rooney wins face-off versus Henrik Samuelsson in Wolfpack zone.
4:04 of 2nd period - Wrist shot by Henrik Samuelsson.
4:04 of 2nd period - Shot Blocked by Anthony Bitetto.
4:06 of 2nd period - Wrist shot by Samuel Blais.
4:06 of 2nd period - Shot Blocked by Dmitry Sinitsyn.
5:17 of 2nd period - Scott Harrington is hit by Connor Chatam and loses puck.
5:38 of 2nd period - Wrist shot by David Pope.
5:38 of 2nd period - Stopped by Scott Wedgewood with a rebound.
6:01 of 2nd period - Snap shot by Tomas Jurco.
6:01 of 2nd period - Goal by Tomas Jurco - Wolfpack : 2 - Senators : 2.
6:02 of 2nd period - Maxime Sauvé wins face-off versus Jordan Schroeder in neutral zone.
6:05 of 2nd period - Backhand shot by Stefan Noesen.
6:05 of 2nd period - Deflect By Maxime Sauvé.
6:05 of 2nd period - Shot Misses the Net.
6:05 of 2nd period - Puck is out of play.
6:06 of 2nd period - Jordan Schroeder wins face-off versus Maxime Sauvé in Senators zone.
6:06 of 2nd period - Jordan Schroeder is hit by Mikhail Sergachev.
6:38 of 2nd period - Mikhail Sergachev is hit by Tomas Jurco and loses puck.
6:43 of 2nd period - Snap shot by Tomas Jurco.
6:43 of 2nd period - Shot Misses the Net.
6:55 of 2nd period - Wrist shot by Tomas Jurco.
6:55 of 2nd period - Shot Blocked by Seth Griffith.
6:57 of 2nd period - Wrist shot by Tomas Jurco.
6:57 of 2nd period - Goal by Tomas Jurco - Wolfpack : 2 - Senators : 3.
6:58 of 2nd period - Henrik Samuelsson wins face-off versus Christoph Bertschy in neutral zone.
7:24 of 2nd period - Henrik Samuelsson is hit by Zachary Sanford and loses puck.
7:31 of 2nd period - Snap shot by Zachary Sanford.
7:31 of 2nd period - Shot Hit the Post.
7:39 of 2nd period - Wrist shot by Henrik Samuelsson.
7:39 of 2nd period - Shot Misses the Net.
7:41 of 2nd period - Snap shot by Sebastian Collberg.
7:41 of 2nd period - Stopped by Scott Wedgewood without a rebound.
7:42 of 2nd period - Jordan Schroeder wins face-off versus Maxime Sauvé in Senators zone.
7:49 of 2nd period - Wrist shot by Jordan Schroeder.
7:49 of 2nd period - Shot Blocked by Maxime Sauvé.
8:07 of 2nd period - Mikhail Sergachev is hit by Dmitry Sinitsyn and loses puck.
8:15 of 2nd period - Off-side.
8:16 of 2nd period - Maxime Sauvé wins face-off versus Christoph Bertschy in neutral zone.
8:21 of 2nd period - Oliver Bjorkstrand is hit by Stefan Noesen and loses puck.
9:10 of 2nd period - Snap shot by Tomas Jurco.
9:10 of 2nd period - Shot Blocked by Steven Santini.
9:37 of 2nd period - Wrist shot by Maxime Sauvé.
9:37 of 2nd period - Shot Misses the Net.
10:02 of 2nd period - Slapshot by Mikhail Sergachev.
10:02 of 2nd period - Stopped by Scott Wedgewood with a rebound.
10:09 of 2nd period - Icing by Dmitry Sinitsyn.
10:10 of 2nd period - Christoph Bertschy wins face-off versus Samuel Blais in Senators zone.
10:26 of 2nd period - Off-side.
10:27 of 2nd period - Maxime Sauvé wins face-off versus Kevin Rooney in neutral zone.
10:52 of 2nd period - Dylan Blujus is hit by Samuel Blais and loses puck.
11:20 of 2nd period - Off-side.
11:21 of 2nd period - Kevin Rooney wins face-off versus Maxime Sauvé in neutral zone.
12:02 of 2nd period - Minor Penalty to Christoph Bertschy for Boarding.
12:03 of 2nd period - Anthony Richard wins face-off versus Maxime Sauvé in Senators zone.
12:15 of 2nd period - Off-side.
12:16 of 2nd period - Maxime Sauvé wins face-off versus Anthony Richard in neutral zone.
13:36 of 2nd period - Anthony Bitetto is hit by Derrick Pouliot and loses puck.
14:02 of 2nd period - Penalty to Christoph Bertschy is over, Christoph Bertschy is back on ice.
14:11 of 2nd period - Wrist shot by Seth Griffith.
14:11 of 2nd period - Shot Misses the Net.
14:13 of 2nd period - Slapshot by Dryden Hunt.
14:13 of 2nd period - Stopped by Scott Wedgewood with a rebound.
14:15 of 2nd period - Slapshot by Vince Dunn.
14:15 of 2nd period - Deflect By Dryden Hunt.
14:15 of 2nd period - Stopped by Scott Wedgewood with a rebound.
14:17 of 2nd period - Wrist shot by Seth Griffith.
14:17 of 2nd period - Goal by Seth Griffith - Wolfpack : 3 - Senators : 3.
14:18 of 2nd period - Maxime Sauvé wins face-off versus Chandler Stephenson in neutral zone.
14:23 of 2nd period - Slapshot by Steven Santini.
14:23 of 2nd period - Stopped by Scott Wedgewood with a rebound.
14:46 of 2nd period - Snap shot by Sebastian Collberg.
14:46 of 2nd period - Stopped by Scott Wedgewood without a rebound.
14:47 of 2nd period - Henrik Samuelsson wins face-off versus Zachary Sanford in Senators zone.
14:48 of 2nd period - Wrist shot by Samuel Blais.
14:48 of 2nd period - Shot Hit the Post.
14:50 of 2nd period - Slapshot by Mikhail Sergachev.
14:50 of 2nd period - Shot Blocked by Keegan Lowe.
15:24 of 2nd period - Snap shot by Sebastian Collberg.
15:24 of 2nd period - Stopped by Scott Wedgewood with a rebound.
15:26 of 2nd period - Snap shot by Henrik Samuelsson.
15:26 of 2nd period - Stopped by Scott Wedgewood without a rebound.
15:27 of 2nd period - Christoph Bertschy wins face-off versus Maxime Sauvé in Senators zone.
15:36 of 2nd period - Snap shot by Zemgus Girgensons.
15:36 of 2nd period - Shot Misses the Net.
15:52 of 2nd period - Tomas Jurco is hit by Ryan Culkin and loses puck.
17:19 of 2nd period - Stefan Noesen is hit by Tomas Jurco and loses puck.
17:39 of 2nd period - Off-side.
17:40 of 2nd period - Henrik Samuelsson wins face-off versus Kevin Rooney in neutral zone.
17:51 of 2nd period - Keegan Lowe is hit by Sebastian Collberg and loses puck.
18:49 of 2nd period - Minor Penalty to Alexander Barabanov for Hooking.
18:50 of 2nd period - Christoph Bertschy wins face-off versus Maxime Sauvé in Wolfpack zone.
18:51 of 2nd period - Slapshot by Zachary Sanford.
18:51 of 2nd period - Stopped by Samuel Montembeault without a rebound.
18:52 of 2nd period - Maxime Sauvé wins face-off versus Christoph Bertschy in Wolfpack zone.
18:55 of 2nd period - Wrist shot by Zachary Sanford.
18:55 of 2nd period - Stopped by Samuel Montembeault without a rebound.
18:56 of 2nd period - Christoph Bertschy wins face-off versus Maxime Sauvé in Wolfpack zone.
18:59 of 2nd period - Snap shot by Zachary Sanford.
18:59 of 2nd period - Deflect By Christoph Bertschy.
18:59 of 2nd period - Goal by Christoph Bertschy - Wolfpack : 3 - Senators : 4.
19:00 of 2nd period - Christoph Bertschy wins face-off versus Maxime Sauvé in neutral zone.
19:05 of 2nd period - Wrist shot by Oliver Bjorkstrand.
19:05 of 2nd period - Shot Misses the Net.
19:07 of 2nd period - Slapshot by Dmitry Sinitsyn.
19:07 of 2nd period - Shot Blocked by David Pope.
19:09 of 2nd period - Slapshot by Oliver Bjorkstrand.
19:09 of 2nd period - Shot Misses the Net.
19:11 of 2nd period - Backhand shot by Anthony Bitetto.
19:11 of 2nd period - Stopped by Samuel Montembeault with a rebound.
19:13 of 2nd period - Snap shot by Christoph Bertschy.
19:13 of 2nd period - Shot Misses the Net.
19:15 of 2nd period - Wrist shot by Zemgus Girgensons.
19:15 of 2nd period - Stopped by Samuel Montembeault with a rebound.
19:27 of 2nd period - Anthony Bitetto is hit by Sebastian Collberg and loses puck.
Goals for this period are 1 for Wolfpack vs 3 for Senators.
Shots for this period are 10 for Wolfpack vs 8 for Senators.
3rd period
0:01 of 3rd period - Maxime Sauvé wins face-off versus Christoph Bertschy in neutral zone.
0:26 of 3rd period - Dmitry Sinitsyn is hit by Mikhail Sergachev and loses puck.
0:34 of 3rd period - Off-side.
0:35 of 3rd period - Christoph Bertschy wins face-off versus Henrik Samuelsson in neutral zone.
0:38 of 3rd period - Sebastian Collberg is hit by Oliver Bjorkstrand and loses puck.
1:03 of 3rd period - Wrist shot by Maxime Sauvé.
1:03 of 3rd period - Stopped by Scott Wedgewood without a rebound.
1:04 of 3rd period - Jordan Schroeder wins face-off versus Maxime Sauvé in Senators zone.
1:17 of 3rd period - Snap shot by Jordan Schroeder.
1:17 of 3rd period - Stopped by Samuel Montembeault without a rebound.
1:18 of 3rd period - Maxime Sauvé wins face-off versus Christoph Bertschy in Wolfpack zone.
1:43 of 3rd period - Henrik Samuelsson is hit by Anthony Bitetto and loses puck.
2:24 of 3rd period - Kevin Roy is hit by Zemgus Girgensons and loses puck.
2:43 of 3rd period - Slapshot by Stefan Noesen.
2:43 of 3rd period - Shot Blocked by Keegan Lowe.
2:45 of 3rd period - Slapshot by Ryan Culkin.
2:45 of 3rd period - Stopped by Scott Wedgewood with a rebound.
3:52 of 3rd period - Jordan Schroeder is hit by Alex Barre-Boulet and loses puck.
3:53 of 3rd period - Jordan Schroeder from Senators is injured at 3:53 of 3rd period (Bruised Right Leg).
3:54 of 3rd period - Christoph Bertschy wins face-off versus Maxime Sauvé in Senators zone.
3:54 of 3rd period - Christoph Bertschy is hit by Maxime Sauvé.
4:04 of 3rd period - Slapshot by Oliver Bjorkstrand.
4:04 of 3rd period - Stopped by Samuel Montembeault with a rebound.
4:06 of 3rd period - Wrist shot by Zemgus Girgensons.
4:06 of 3rd period - Stopped by Samuel Montembeault without a rebound.
4:07 of 3rd period - Maxime Sauvé wins face-off versus Christoph Bertschy in Wolfpack zone.
4:09 of 3rd period - Minor Penalty to Stefan Noesen for Tripping.
4:10 of 3rd period - Maxime Sauvé wins face-off versus Christoph Bertschy in Wolfpack zone.
4:38 of 3rd period - Snap shot by Oliver Bjorkstrand.
4:38 of 3rd period - Shot Misses the Net.
6:09 of 3rd period - Penalty to Stefan Noesen is over, Stefan Noesen is back on ice.
6:22 of 3rd period - Henrik Samuelsson is hit by Keegan Lowe and loses puck.
6:45 of 3rd period - Scott Harrington is hit by Connor Chatam and loses puck.
7:04 of 3rd period - Zemgus Girgensons is hit by Derrick Pouliot and loses puck.
7:19 of 3rd period - Ryan Culkin is hit by Kevin Rooney and loses puck.
7:26 of 3rd period - William Bitten is hit by Seth Griffith.
7:44 of 3rd period - Dylan Blujus is hit by Samuel Blais.
8:08 of 3rd period - Scott Harrington is hit by Kevin Roy.
8:18 of 3rd period - Anthony Bitetto is hit by Alex Barre-Boulet and loses puck.
9:26 of 3rd period - Snap shot by Maxime Sauvé.
9:26 of 3rd period - Stopped by Scott Wedgewood with a rebound.
9:28 of 3rd period - Wrist shot by David Pope.
9:28 of 3rd period - Shot Hit the Post.
9:30 of 3rd period - Slapshot by Derrick Pouliot.
9:30 of 3rd period - Shot Blocked by Dylan Blujus.
9:32 of 3rd period - Snap shot by Maxime Sauvé.
9:32 of 3rd period - Stopped by Scott Wedgewood with a rebound.
9:48 of 3rd period - Slapshot by Vince Dunn.
9:48 of 3rd period - Stopped by Scott Wedgewood without a rebound.
9:49 of 3rd period - Seth Griffith wins face-off versus Kevin Rooney in Senators zone.
10:36 of 3rd period - Slapshot by Samuel Blais.
10:36 of 3rd period - Shot Misses the Net.
11:34 of 3rd period - Dmitry Sinitsyn is hit by Dryden Hunt and loses puck.
12:03 of 3rd period - Snap shot by Sebastian Collberg.
12:03 of 3rd period - Stopped by Scott Wedgewood with a rebound.
12:15 of 3rd period - William Bitten is hit by Stefan Noesen.
12:56 of 3rd period - Snap shot by Seth Griffith.
12:56 of 3rd period - Shot Misses the Net.
13:22 of 3rd period - Snap shot by David Pope.
13:22 of 3rd period - Stopped by Scott Wedgewood with a rebound.
14:20 of 3rd period - Minor Penalty to William Bitten for Cross-checking.
14:21 of 3rd period - Christoph Bertschy wins face-off versus Maxime Sauvé in Senators zone.
14:36 of 3rd period - Christoph Bertschy is hit by Maxime Sauvé and loses puck.
15:09 of 3rd period - Wrist shot by Zemgus Girgensons.
15:09 of 3rd period - Stopped by Samuel Montembeault without a rebound.
15:10 of 3rd period - Maxime Sauvé wins face-off versus Anthony Richard in Wolfpack zone.
16:20 of 3rd period - Penalty to William Bitten is over, William Bitten is back on ice.
16:32 of 3rd period - Slapshot by Dryden Hunt.
16:32 of 3rd period - Stopped by Scott Wedgewood with a rebound.
17:26 of 3rd period - Joonas Lyytinen is hit by David Pope and loses puck.
17:39 of 3rd period - Zemgus Girgensons is hit by Steven Santini and loses puck.
18:29 of 3rd period - Icing by Maxime Sauvé.
18:30 of 3rd period - Henrik Samuelsson wins face-off versus Anthony Richard in Wolfpack zone.
18:53 of 3rd period - Christoph Bertschy is hit by David Pope and loses puck.
18:56 of 3rd period - Wolfpack, Samuel Montembeault is pulled from the net.
19:12 of 3rd period - Snap shot by David Pope.
19:12 of 3rd period - Shot Blocked by Scott Harrington.
19:14 of 3rd period - Slapshot by Derrick Pouliot.
19:14 of 3rd period - Shot Blocked by Christoph Bertschy.
19:16 of 3rd period - Snap shot by David Pope.
19:16 of 3rd period - Shot Blocked by William Bitten.
19:18 of 3rd period - Wrist shot by Stefan Noesen.
19:18 of 3rd period - Stopped by Scott Wedgewood with a rebound.
19:43 of 3rd period - Wrist shot by Maxime Sauvé.
19:43 of 3rd period - Goal by Maxime Sauvé - Wolfpack : 4 - Senators : 4.
19:43 of 3rd period - Samuel Montembeault from Wolfpack was sent back in the game.
19:44 of 3rd period - Seth Griffith wins face-off versus Kevin Rooney in neutral zone.
Goals for this period are 1 for Wolfpack vs 0 for Senators.
Shots for this period are 10 for Wolfpack vs 4 for Senators.
Overtime #1
0:01 of 1st overtime period - Maxime Sauvé wins face-off versus Christoph Bertschy in neutral zone.
0:15 of 1st overtime period - Minor Penalty to Zachary Sanford for Hooking.
0:16 of 1st overtime period - Christoph Bertschy wins face-off versus Maxime Sauvé in Senators zone.
1:45 of 1st overtime period - Anthony Bitetto is hit by Samuel Blais and loses puck.
2:15 of 1st overtime period - Penalty to Zachary Sanford is over, Zachary Sanford is back on ice.
2:44 of 1st overtime period - Dylan Blujus is hit by Henrik Samuelsson and loses puck.
2:51 of 1st overtime period - Mikhail Sergachev is hit by Zachary Sanford and loses puck.
3:29 of 1st overtime period - Keegan Lowe is hit by Colton White.
4:04 of 1st overtime period - Snap shot by Samuel Blais.
4:04 of 1st overtime period - Shot Blocked by Joonas Lyytinen.
4:42 of 1st overtime period - Dmitry Sinitsyn is hit by Samuel Blais and loses puck.
Goals for this period are 0 for Wolfpack vs 0 for Senators.
Shots for this period are 0 for Wolfpack vs 0 for Senators.
ShootOut
5:00 of 1st overtime period - Round #1.
5:00 of 1st overtime period - Wolfpack, Maxime Sauvé.
5:00 of 1st overtime period - Snap shot by Maxime Sauvé.
5:00 of 1st overtime period - Stopped by Scott Wedgewood.
5:00 of 1st overtime period - Senators, William Bitten.
5:00 of 1st overtime period - Deke by William Bitten.
5:00 of 1st overtime period - Shot Misses the Net.
5:00 of 1st overtime period - Round #2.
5:00 of 1st overtime period - Wolfpack, Stefan Noesen.
5:00 of 1st overtime period - Wrist shot by Stefan Noesen.
5:00 of 1st overtime period - Shot Misses the Net.
5:00 of 1st overtime period - Senators, Oliver Bjorkstrand.
5:00 of 1st overtime period - Wrist shot by Oliver Bjorkstrand.
5:00 of 1st overtime period - Stopped by Samuel Montembeault.
5:00 of 1st overtime period - Round #3.
5:00 of 1st overtime period - Wolfpack, Henrik Samuelsson.
5:00 of 1st overtime period - Deke by Henrik Samuelsson.
5:00 of 1st overtime period - Goal by Henrik Samuelsson.
5:00 of 1st overtime period - Senators, Zachary Sanford.
5:00 of 1st overtime period - Wrist shot by Zachary Sanford.
5:00 of 1st overtime period - Goal by Zachary Sanford.
5:00 of 1st overtime period - Round #4.
5:00 of 1st overtime period - Wolfpack, David Pope.
5:00 of 1st overtime period - Snap shot by David Pope.
5:00 of 1st overtime period - Shot Misses the Net.
5:00 of 1st overtime period - Senators, Zemgus Girgensons.
5:00 of 1st overtime period - Deke by Zemgus Girgensons.
5:00 of 1st overtime period - Goal by Zemgus Girgensons.